 Dungeon Crawl Stone Soup version 0.27.0-1-g7a089689b8 (webtiles) character file.

Game seed: 429586520739213450

377 Spectrina the Magician (level 7, -4/45 HPs)
             Began as a Djinni Necromancer on Aug 17, 2021.
             Was a Believer of Fedhas.
             Slain by a hound (5 damage)
             ... on level 4 of the Dungeon.
             The game lasted 00:22:51 (1856 turns).

Spectrina the Magician (Djinni Necromancer)         Turns: 1856, Time: 00:22:52

Health: -4/45      AC:  2    Str:  7    XL:     7   Next: 4%
Gold:   202        EV: 13    Int: 18    God:    Fedhas [**....] SH:  0 Dex: 20

rFire    + + .     SeeInvis .   a - +0 dagger (elec)
rCold    x . .     Faith    .   (no shield)
rNeg     . . .     Spirit   .   c - +0 robe
rPois    ∞         Reflect  .   (no helmet)
rElec    .         Harm     .   (no cloak)
rCorr    .         Rampage  .   (no gloves)
Will     .....                  (boots unavailable)
Stlth    ++........             (no amulet)
HPRegen  0.15/turn              j - +6 ring of dexterity
MPRegen  0.00/turn              (no ring)

@: flying
A: sickness immunity, fire resistance 2, cold vulnerability 1, float, innate
caster, hp casting, extra vitality 1
a: Renounce Religion, Wall of Briars


You were on level 4 of the Dungeon.
You worshipped Fedhas.
Fedhas was pleased with you.
You visited 1 branch of the dungeon, and saw 4 of its levels.
You also visited: Sewer.

You collected 202 gold pieces.

Inventory:

Hand Weapons
 a - a +0 dagger of electrocution (weapon)
 b - a +0 hunting sling
 g - a +0 short sword
 l - a +1 dagger of venom
Missiles
 e - 54 arrows
 f - 17 bolts
 i - 13 poisoned darts (quivered)
 k - 58 stones
Armour
 c - a +0 robe (worn)
Jewellery
 j - a +6 ring of dexterity (left hand)
Scrolls
 d - 2 scrolls of magic mapping {unknown}
 m - a scroll of teleportation
 p - 2 scrolls of identify
 q - a scroll of enchant weapon
 r - a scroll of fear {unknown}
Potions
 o - 2 potions of magic
 s - a potion of brilliance


   Skills:
 - Level 2.1 Dodging
 - Level 1.5 Stealth
 * Level 5.4 Spellcasting
 + Level 3.2 Invocations


You couldn't memorise any spells.
You knew the following spells:

 Your Spells              Type           Power      Damage    Failure   Level
a - Sting                 Tmut/Pois      96%        1d7       1%          1
b - Blink                 Tloc           N/A        N/A       1%          2
i - Summon Guardian Gole  Hex/Summ       24%        N/A       4%          3
k - Agony                 Necr           24%        N/A       36%         5
l - Vampiric Draining     Necr           12%        2d7       4%          3
o - Animate Dead          Necr           12%        N/A       13%         4
p - Animate Skeleton      Necr           48%        N/A       1%          1
s - Pain                  Necr           96%        1d8       1%          1
Your spell library was empty.

Dungeon Overview and Level Annotations

Branches:
Dungeon (4/15)             Temple (0/1) D:4           Sewer (visited)

Altars:
Cheibriados
Fedhas

Annotations:
D:4 Sigmund


Innate Abilities, Weirdness & Mutations

You are immune to sickness and miasma.
You are immune to poison.
Your flesh is very heat resistant. (rF++)
You are vulnerable to cold. (rC-)
You float through the air rather than walking.
You learn spells naturally, not from books.
Your magical power is your life essence.
You have superior vitality. (+4 HP)


Message History

Your hound skeleton closely misses the hound.
Sigmund points at you and mumbles some strange words.
Your hound skeleton appears confused.
Unknown command.
Sigmund hits your guardian golem with a +4 scythe of protection.
Unknown command.
Your hound skeleton misses Sigmund.
Sigmund hits your guardian golem but does no damage.
Throw: 14 darts (poison)
Press: ? - help, Q - select action, (/) - cycle Shift-Dir - straight line, f - hound
Aim: a hound (moderately wounded, ally target, 51% to hit)
Really fire in your hound skeleton's direction?
Okay, then.
Throw: 14 darts (poison)
Press: ? - help, Q - select action, (/) - cycle Shift-Dir - straight line, f/p - hound
Aim: a hound (moderately wounded, ally target, 51% to hit)
You throw a poisoned dart.
The poisoned dart barely misses the hound.
The hound bites you.
* * * LOW HITPOINT WARNING * * *
Sigmund gestures at you while chanting.
The magic dart hits your guardian golem.
Unknown command.
It was a potion of magic.
Magic courses through your body. The hound closely misses you.
Sigmund gestures wildly while chanting.
Sigmund flickers and vanishes!
Deactivating autopickup; reactivate with Ctrl-A.
As you read the scroll labelled TIYTOR DUMNEOWK, it crumbles to dust.
It is a scroll of identify.
q - a scroll of enchant weapon The hound closely misses you.
The hound bites you but does no damage.
Your hound skeleton bites your guardian golem but does no damage.
As you read the scroll labelled RAUCRE NENTUA, it crumbles to dust.
You hear a loud clanging noise!
It was a scroll of noise.
You hear a shout! x2
The hound bites you.
You die...
Fedhas appreciates your contribution to the ecosystem.

##...##.##.. .#.. .
........#...###....# ..
...####....##.#....# .# .
....#....#.#.......# ####.#..
..............# #..####.#... .
..............###.##.##...# .
.#.#............#..#>.....# .#
#.#.#........##.[.........##.##
.#.#.#..........@h(.8ZZ....#@.##
#.>.#.....#.###.##.......##....#.
.#.#.#..........#.....{......!...
#.#.#......#.###........#..#.#.[.
.#.#....#..### #........#...##
........#### ##............#
.......## ###...###.....$
......## ##..# ##(.##.# .....##
##.# #?....#


You could see a hound (ally target), a friendly guardian golem (summoned), a
friendly worm zombie (sheltered) and a friendly hound skeleton (sheltered,
confused).

Vanquished Creatures
  2 bullfrogs (Sewer)
  A howler monkey (D:4)
  A hound (D:4)
  A jelly (D:4)
  Robin (D:3)
  4 adders
  2 worms
  A dart slug (D:2)
  8 ball pythons
  2 bats
  2 endoplasms
  7 giant cockroaches
  15 goblins
  4 hobgoblins
  10 jackals
  2 quokkas
  11 frilled lizards
  9 kobolds
  5 rats
88 creatures vanquished.

Notes
Turn   | Place    | Note
-------+----------+-------------------------------------------
     0 | D:1      | Spectrina the Djinni Necromancer began the quest for the
                  | Orb.
     0 | D:1      | Reached XP level 1. HP: 15/15 MP: 0/0
   117 | D:1      | Reached XP level 2. HP: 2/21 MP: 0/0
   566 | D:3      | Reached XP level 3. HP: 2/25 MP: 0/0
   566 | D:3      | Learned a level 1 spell: Sting
   597 | D:2      | Found a faded altar of an unknown god.
   619 | D:2      | Became a worshipper of Fedhas Madash
   619 | D:2      | Reached * piety under Fedhas
   683 | D:3      | Reached skill level 4 in Spellcasting
   746 | D:3      | Found a snail-covered altar of Cheibriados.
   822 | D:3      | Noticed Robin
   921 | D:3      | Killed Robin
   922 | D:3      | Reached skill level 1 in Invocations
   922 | D:3      | Reached XP level 4. HP: 7/31 MP: 0/0
   941 | D:3      | Reached ** piety under Fedhas
  1117 | D:3      | Found a glowing drain.
  1126 | Sewer    | Entered a sewer
  1217 | Sewer    | Reached XP level 5. HP: 8/35 MP: 0/0
  1217 | Sewer    | Learned a level 2 spell: Blink
  1356 | Sewer    | Noticed a bullfrog
  1361 | Sewer    | Killed a bullfrog
  1371 | Sewer    | Noticed a bullfrog
  1377 | Sewer    | Killed a bullfrog
  1378 | Sewer    | Reached skill level 5 in Spellcasting
  1378 | Sewer    | Reached XP level 6. HP: 17/40 MP: 0/0
  1761 | D:4      | Found a staircase to the Ecumenical Temple.
  1835 | D:4      | Noticed Sigmund
  1845 | D:4      | Reached XP level 7. HP: 7/45 MP: 0/0
  1845 | D:4      | Learned a level 3 spell: Summon Guardian Golem
  1853 | D:4      | HP: 1/45 [hound (3)]
  1856 | D:4      | Slain by a hound

Illustrated notes

Levels and vault maps discovered:
D:1:      amcnicky_arrival_choice, layout_basic
D:2:      layout_rooms, hellmonk_ecumenical_altar_slurped_away
D:3:      layout_loops_ring, mainiacjoe_overflow_six_doors_small, serial_shops,
          nicolae_shop_crystal, cheibrodos_sewer_entry_drain,
          uniq_crazy_yiuf_cottage, uniq_robin
D:4:      layout_cave_pools, bloody_trog, nicolae_yredelemnul_corpse_copse,
          minmay_temple_entry_grid, corner_web_ring, minmay_bisected,
          uniq_sigmund

Skill      XL: |  1  2  3  4  5  6 |
---------------+-------------------+-----
Spellcasting   | 4 5 |  5.4
Invocations    | 1 2 3 |  3.2
Dodging        | |  2.1
Stealth        | |  1.5

Action                   |  1- 3 |  4- 6 |  7- 9 || total
-------------------------+-------+-------+-------++-------
Melee: Hunting sling     |       |     1 |       ||     1
       Dagger            |       |     2 |       ||     2
 Fire: Hunting sling     |    17 |    11 |       ||    28
Throw: Dart              |    16 |    30 |     1 ||    47
       Javelin           |     3 |     4 |       ||     7
 Cast: Pain              |    26 |       |       ||    26
       Vampiric Draining |    12 |    62 |       ||    74
       Sting             |     9 |     4 |       ||    13
       Animate Dead      |       |     1 |       ||     1
       Animate Skeleton  |       |       |     1 ||     1
       Summon Guardian G |       |       |     1 ||     1
  Use: Scroll            |     1 |     1 |     2 ||     4
       Potion            |     1 |     1 |     1 ||     3
 Stab: Sleeping          |       |     1 |       ||     1
Armor: Robe              |     3 |    13 |     1 ||    17
Dodge: Dodged            |    10 |    31 |     3 ||    44
